 Dungeon Crawl Stone Soup version 0.28.0-53-g5a82cb258f (webtiles) character file.

Game seed: 6193360672223663722

756263 Godmorgon the Conqueror (level 27, 0/273 HPs)
             Began as a Minotaur Fighter on Aug 9, 2022.
             Was the Champion of the Shining One.
             Killed from afar by a shard shrike (34 damage)
             ... with a shard of ice
             ... on level 6 of Cocytus on Aug 11, 2022.
             The game lasted 11:28:25 (110561 turns).

Godmorgon the Conqueror (Minotaur Fighter)        Turns: 110561, Time: 11:28:25

Health: 0/273      AC: 45    Str: 24 (27) XL:     27
Magic:  17/39      EV: 15    Int:  9      God:    the Shining One [******]
Gold:   7104       SH: 28    Dex: 15      Spells: 26/26 levels left

rFire   . . .      SeeInvis .   b - +9 sacred scourge (holy)
rCold   + + +      Faith    .   J - +4 tower shield {rPois}
rNeg    + + +      Spirit   .   w - +12 gold dragon scales
rPois   +          Reflect  .   (helmet unavailable)
rElec   +          Harm     .   o - +2 cloak {rCorr}
rCorr   +          Rampage  .   q - +2 pair of gloves {hurl}
Will    +++..                   C - +2 pair of boots
Stlth   ..........              e - amulet of regeneration
HPRegen 1.35/turn               Q - ring "Aniterun" {rC+ Will+ Str+3 Dex+2}
MPRegen 0.26/turn               V - ring "Xanelof" {Ice +Blink Fly rElec Str-2}

@: flying, glowing, studying 2 skills, frozen potions
A: horns 3, retaliatory headbutt, hooves 1, cold resistance 1, deformed body,
poison resistance, weak 1, no potion heal 1
}: 6/15 runes: serpentine, barnacled, slimy, silver, obsidian, abyssal
a: Renounce Religion, Evoke Blink, Divine Shield, Cleansing Flame, Summon Divine
Warrior


You were on level 6 of Cocytus.
You worshipped the Shining One.
The Shining One was exalted by your worship.
You visited 15 branches of the dungeon, and saw 71 of its levels.
You visited the Abyss 5 times.
You also visited: Bailey and Gauntlet.

You collected 12078 gold pieces.
You spent 4974 gold pieces at shops.

Inventory:

Hand Weapons
 a - a +8 eveningstar of freezing
 b - a +9 sacred scourge of holy wrath (weapon)
 G - a +2 demon whip of electrocution
Missiles
 c - 4 boomerangs (quivered)
 d - 6 silver boomerangs
 f - 4 javelins
 g - 17 silver javelins
 h - 6 throwing nets
 j - 25 atropa-tipped darts
 k - 15 curare-tipped darts
 l - 8 datura-tipped darts
Armour
 o - a +2 cloak of preservation (worn)
 q - a +2 pair of gloves of hurling (worn)
 w - +12 gold dragon scales (worn)
 C - a +2 pair of boots (worn)
 J - a +4 tower shield of poison resistance (worn)
Jewellery
 e - an amulet of regeneration (around neck)
 p - an amulet of reflection
 y - a ring of willpower
 F - a ring of protection from fire
 I - the ring "Ketarew" {rF+ rN+ Dex+3}
   (You bought it in a shop on level 2 of the Snake Pit)

   [ring of positive energy]

   Dex:       It affects your dexterity (+3).
   rF:        It protects you from fire.
   rN:        It protects you from negative energy.
 Q - the ring "Aniterun" (left hand) {rC+ Will+ Str+3 Dex+2}
   (You took it off a frost giant on level 3 of the Depths)

   [ring of protection from cold]

   Str:       It affects your strength (+3).
   Dex:       It affects your dexterity (+2).
   rC:        It protects you from cold.
   Will:      It increases your willpower.
 V - the ring "Xanelof" (right hand) {Ice +Blink Fly rElec Str-2}
   (You found it on level 3 of the Depths)

   [ring of ice]

   It enhances your ice magic.
   Str:       It affects your strength (-2).
   rF:        It makes you vulnerable to fire.
   rC:        It protects you from cold.
   rElec:     It insulates you from electricity.
   Fly:       It grants you flight.
   +Blink:    It lets you blink.
Wands
 x - a wand of acid (32)
 D - a wand of digging (15)
Scrolls
 m - 8 scrolls of fog
 n - 23 scrolls of teleportation
 s - 2 scrolls of blinking
 t - 3 scrolls of holy word
 u - 9 scrolls of fear
 N - 5 scrolls of summoning
 T - 3 scrolls of silence
 W - 15 scrolls of magic mapping
Potions
 i - a potion of flight
 r - 19 potions of curing
 v - a potion of cancellation
 z - 2 potions of heal wounds
 A - 6 potions of mutation
 B - 3 potions of resistance
 E - 3 potions of haste
 H - 9 potions of might
 K - 2 potions of magic


   Skills:
 O Level 27 Fighting
 - Level 16.0 Maces & Flails
 - Level 16.0 Throwing
 O Level 27 Armour
 + Level 22.3 Dodging
 + Level 24.7 Shields
 * Level 26.4 Invocations
 - Level 14.0 Evocations


You had 26 spell levels left.
You didn't know any spells.
Your spell library contained the following spells:

 Spells                   Type           Power      Damage    Failure   Level
 Inner Flame              Hex/Fire       0%         N/A       100%        3
 Cause Fear               Hex            0%         N/A       100%        4
 Discord                  Hex            0%         N/A       100%        8


Dungeon Overview and Level Annotations

Branches:
Dungeon (15/15)            Temple (1/1) D:4            Lair (6/6) D:10
 Shoals (4/4) Lair:3        Snake (4/4) Lair:3        Slime (5/5) Lair:6
    Orc (2/2) D:10            Elf (3/3) Orc:2        Vaults (5/5) D:13
  Crypt (3/3) Vaults:2       Tomb (0/3) Crypt:3      Depths (4/4) D:15
   Hell (visited)             Dis (0/7) Hell            Geh (7/7) Hell
    Coc (6/7) Hell            Tar (0/7) Hell            Zot (5/5) Depths:4
 Bailey (visited)         Gauntlet (visited)

Altars:
Ashenzari
Cheibriados
Dithmenos
Elyvilon
Fedhas
Gozag
Hepliaklqana
Kikubaaqudgha
Makhleb
Nemelex Xobeh
Okawaru
Qazlal
Ru
Sif Muna
Trog
Uskayaw
Vehumet
Wu Jian
Xom
Yredelemnul
Zin
The Shining One
Beogh
Jiyva

Shops:
D:4 :   Orc:1 [   Orc:2 =:(::   Elf:2 [   Shoals:2 :?*   Snake:1 ![**
Snake:2 =[:   Vaults:4 :   Vaults:5 !   Depths:1 :=:

Portals:
Hell: Depths:1 Depths:2 Depths:3 Depths:4
Abyss: Depths:1 Depths:3 Depths:4
Pandemonium: Depths:2 Depths:3
Ziggurat: Depths:4

Annotations:
Snake:3 4 transporters
Crypt:1 3 runed translucent doors


Innate Abilities, Weirdness & Mutations

You have a pair of large horns on your head.
You reflexively headbutt those who attack you in melee.
You have large cloven feet.
Your flesh is cold resistant. (rC+)
Armour fits poorly on your strangely shaped body.
Your system is resistant to poisons. (rPois)
You are weak. (Str -2)
Potions are less effective at restoring your health.


Message History

Attack!
The shard shrike screeches! x2
The shard shrike claws you!
* * * LOW HITPOINT WARNING * * *
The shard shrike freezes you! You resist.
* * * LOW HITPOINT WARNING * * *
The shard shrike claws you but does no damage.
An elemental wellspring comes into view.
Your daeva hits the shard shrike with a +5 long sword of holy wrath.
Your daeva hits the shard shrike with a +5 long sword of holy wrath!
Activating: Cleansing Flame (0% risk of failure)
Press: ? - help, Dir - look around, f - activate The golden flame engulfs you but does no damage.
The golden flame engulfs the shard shrike!!!
The shard shrike is heavily wounded.
The golden flame engulfs the shard shrike!!
The shard shrike is almost dead.
The shard shrike spits a shard of ice at you.
The shard of ice hits you. You partially resist.
* * * LOW HITPOINT WARNING * * *
The shard shrike spits a shard of ice at you.
You block the shard of ice.
Your daeva blocks the shard shrike's attack.
The shard shrike screeches!
The shard shrike spits a shard of ice at you.
You block the shard of ice.
The shard shrike spits a shard of ice at you.
You block the shard of ice.
The shard shrike claws your daeva but does no damage.
Your daeva hits the shard shrike with a +5 long sword of holy wrath!
The shard shrike dies!
Throw: 4 boomerangs
Press: ? - help, Q - select action, (/) - cycle Shift-Dir - straight line, f - shard shrike
Aim: a shard shrike (heavily wounded, haloed, 72% to hit)
Really fire in your ally the daeva's direction?
This attack would place you under penance!
Okay, then.
Unknown command.
The shard shrike spits a shard of ice at you.
The shard of ice hits you!! You partially resist.
You die...

#....≈≈≈≈≈≈≈≈..#
..≈≈≈≈≈≈≈≈≈≈≈..#
≈≈≈≈...≈≈≈≈E≈..##
≈.....≈≈≈≈≈≈≈≈..#
...###≈≈≈A≈≈≈...#
##≈≈≈≈≈≈.....
#b≈≈≈≈≈≈....
##≈≈#≈.≈≈≈≈≈≈
#@≈#≈...≈≈≈≈≈
#≈≈#......≈≈≈
#≈#≈..#....≈≈
#≈#≈..###...≈
..≈....# #..
#.≈≈...... ..
..≈≈.......
..≈≈≈≈≈≈.... ..≈≈
≈≈≈≈≈≈≈


You could see a shard shrike (catching breath), an elemental wellspring and a
friendly daeva (summoned).

Vanquished Creatures
  the Royal Jelly (Slime:5)
  3 dread liches
  2 orbs of fire (Zot:5)
  5 ancient liches
  The ghost of Cyqimiab the Merfolkian Porcupine, a legendary MfGl of Ru (Zot:1)
  4 juggernauts
  The ghost of Bailed the Peltast, a veteran MiMo of Qazlal (Vaults:2)
  2 Killer Klowns (Zot:5)
  Vashnia (Snake:4)
  6 caustic shrikes
  3 shard shrikes
  3 curse toes
  2 profane servitors
  Geryon (Hell)
  11 golden dragons
  7 bone dragons
  A Tzitzimitl (Depths:2)
  3 Brimstone Fiends
  4 electric golems
  7 hellephants
  Rupert (D:12)
  Jorgrun (D:12)
  A walking crystal tome (Depths:4)
  20 tentacled monstrosities
  6 Ice Fiends
  16 searing wretches
  10 titans
  13 quicksilver dragons
  3 walking frostbound tomes
  25 Orb Guardians (Zot:5)
  2 deep elf master archers (Elf:3)
  3 deep elf blademasters
  9 liches
  7 ancient champions
  28 tentacled starspawn
  2 Executioners (Abyss:3)
  17 acid blobs
  3 sphinxes
  15 death cobs
  The ghost of Lance11888 the Bludgeoner, an adept HOFi of Beogh (Snake:1)
  10 tengu reavers
  4 daevas
  15 storm dragons
  16 azure jellies
  7 draconian monks
  Kirke (Shoals:3)
  6 revenants
  12 shadow dragons
  An azure jelly (shapeshifter) (D:14)
  Donald (Snake:2)
  25 fire giants
  5 rockslimes
  7 frost giants
  7 nagarajas
  10 draconian knights
  A frost giant (shapeshifter) (Depths:2)
  8 narguns
  Aizul (Vaults:2)
  2 iron dragons
  10 draconian scorchers
  22 vault wardens
  9 deep elf sorcerers
  2 shard shrike simulacra
  3 deep elf elementalists (Elf:3)
  3 angels
  28 balrugs
  3 cacodemons
  A juggernaut zombie (Abyss:4)
  2 orc warlords
  3 caustic shrike zombies
  5 draconian stormcallers
  11 draconian shifters
  2 ghost moths
  6 reapers (Hell)
  11 ghouls
  2 curse skulls
  5 quicksilver oozes (Slime:5)
  8 draconian annihilators
  19 ironbound preservers
  36 very ugly things
  A war gargoyle (Hell)
  6 ironbound thunderhulks
  25 elemental wellsprings
  17 stone giants
  A caustic shrike skeleton (Abyss:4)
  2 juggernaut skeletons
  4 ophanim
  8 deep elf annihilators
  11 vampire knights
  18 black draconians
  9 deep elf demonologists
  14 purple draconians
  18 green draconians
  4 lorocyprocas
  17 white draconians
  2 entropy weavers
  12 red draconians
  13 dire elephants
  3 spark wasps
  A minotaur (Gauntlet)
  11 yellow draconians
  2 pearl dragon zombies (Crypt:3)
  4 blizzard demons
  8 wendigos
  10 eidola
  3 green deaths
  9 merfolk impalers
  10 deep elf death magi
  A spectral quicksilver dragon (Zot:1)
  The ghost of falsifian the Eclecticist, a journeyman DEWz of Sif Muna (Lair:5)
  4 ettins
  4 iron golems
  4 merfolk javelineers
  16 jiangshi
  A quicksilver dragon zombie (Abyss:3)
  A spectral golden dragon (Zot:1)
  The ghost of XVortexX the Grappler, a journeyman NaTm of Cheibriados (D:10)
  Josephine (Lair:6)
  8 fire dragons
  21 naga warriors
  12 yaktaur captains
  A spriggan zombie (Hell)
  4 deep elf high priests
  15 great orbs of eyes
  6 caustic shrike simulacra
  2 spectral spriggans (Crypt:3)
  2 boulder beetles
  3 hell beasts
  14 hydras
  8 ice dragons
  7 rakshasas
  A peacekeeper (Vaults:3)
  A spriggan skeleton (Crypt:3)
  5 juggernaut simulacra
  7 ironbound frosthearts
  A spectral shadow dragon (Crypt:3)
  2 ogre magi
  4 spriggan air magi
  10 two-headed ogres
  28 vault guards
  2 anacondas
  3 merfolk avatars
  A jorogumo (shapeshifter) (Vaults:5)
  3 catoblepae (Lair:6)
  A fenstrider witch skeleton (Crypt:2)
  14 salamander tyrants
  7 centaur warriors
  31 dancing weapons
  6 satyrs
  5 death knights
  2 spectral draconians (Zot:1)
  A death scarab (Gauntlet)
  5 stokers
  2 alligator snapping turtles
  A titan zombie (Abyss:4)
  2 merfolk aquamancers
  11 vampire magi
  7 deep troll earth magi
  9 deep troll shamans
  31 thrashing horrors
  4 orc high priests
  8 tengu warriors
  24 hell hogs
  20 naga sharpshooters
  6 shock serpents
  24 hell knights
  8 soul eaters
  A storm dragon zombie (Crypt:1)
  7 spriggans
  A spectral storm dragon (Zot:1)
  9 spriggan berserkers
  4 sun demons
  15 wretched stars
  A titan skeleton (Crypt:2)
  17 deep elf knights
  4 sixfirhies
  18 iron trolls
  5 salamander mystics
  2 fire crabs
  A goliath frog (Lair:4)
  21 shadow wraiths
  A spectral purple draconian (Zot:1)
  A spectral ghost moth (Zot:1)
  2 cherubim (Abyss:5)
  32 skeletal warriors
  12 sea snakes
  2 death drakes (Abyss:3)
  8 flayed ghosts
  2 shadow demons (Depths:2)
  4 quicksilver dragon simulacra
  5 spatial maelstroms
  64 deep trolls
  An orb spider (shapeshifter) (Vaults:5)
  8 naga ritualists
  4 swamp dragons
  3 spriggan simulacra
  2 anaconda zombies
  4 glowing orange brains
  17 ironbound convokers
  An anaconda skeleton (Crypt:3)
  18 harpies
  9 mana vipers
  26 phantasmal warriors
  13 wizards
  An iron dragon zombie (Crypt:3)
  5 deep elf archers
  7 orc knights
  17 deep elf zephyrmancers
  11 lindwurms
  3 orc sorcerers (Orc:2)
  48 ugly things
  A will-o-the-wisp (Abyss:3)
  31 deep elf pyromancers
  5 cyclopes
  10 fauns
  8 shining eyes
  A shadow dragon skeleton (Hell)
  9 necromancers
  21 salamanders
  6 worldbinders
  48 large abominations
  A spectral centaur (Crypt:3)
  2 moths of wrath (shapeshifter)
  A jorogumo skeleton (Crypt:3)
  13 manticores
  5 guardian serpents
  31 black mambas
  28 moths of wrath
  19 naga magi
  5 elephants (Abyss:4)
  4 apis skeletons (Crypt:3)
  Maurice (D:9)
  A guardian serpent (shapeshifter) (Depths:4)
  A rust devil (Hell)
  A shock serpent zombie (Crypt:3)
  15 water nymphs
  Joseph (D:9)
  6 merfolk sirens
  6 apocalypse crabs
  3 titan simulacra
  2 eyes of devastation (Slime:5)
  An eye of devastation (shapeshifter) (Depths:2)
  2 ice statues
  Maggie (D:9)
  13 smoke demons
  A torpor snail (shapeshifter) (Vaults:5)
  5 unseen horrors
  13 vault sentinels
  18 cane toads
  4 molten gargoyles (Hell)
  5 hellions
  2 torpor snails (Lair:5)
  53 yaktaurs
  A shock serpent skeleton (Crypt:3)
  7 orange demons
  A swamp worm zombie (Crypt:2)
  A purple draconian zombie (Crypt:2)
  An alligator snapping turtle skeleton (Abyss:4)
  2 demonic crawlers (Abyss:3)
  3 kobold demonologists (D:12)
  An unseen horror (shapeshifter) (Depths:4)
  2 yaktaurs (shapeshifter)
  6 rime drakes
  4 anaconda simulacra
  6 tormentors
  4 efreet
  4 hellwings
  16 komodo dragons
  5 tengu conjurers
  4 golden dragon simulacra
  4 ice devils
  A sea snake zombie (Hell)
  18 freezing wraiths
  95 starcursed masses
  A merfolk (shapeshifter) (Vaults:5)
  2 queen bees
  20 ancient zymes
  3 spectral moths of wrath (Zot:1)
  6 trolls
  A sea snake skeleton (Hell)
  3 meliai (Lair:4)
  3 red devils
  10 merfolk
  3 polar bears
  A shadow dragon simulacrum (Coc:1)
  14 blink frogs
  2 harpy skeletons (Abyss:3)
  4 wind drakes
  A wind drake (shapeshifter) (Vaults:5)
  A tarantella (shapeshifter) (Abyss:3)
  An iron dragon simulacrum (Coc:5)
  64 slime creatures
  8 dream sheep
  22 hornets
  10 snapping turtles
  2 stone giant simulacra
  A jumping spider (Gauntlet)
  37 raiju
  An ettin zombie (Abyss:4)
  A guardian serpent skeleton (Crypt:2)
  12 shadows
  An alligator skeleton (Crypt:1)
  11 air elementals
  19 flying skulls
  3 dire elephant simulacra
  2 fire bats (Abyss:4)
  A naga simulacrum (Coc:4)
  11 ynoxinuls
  22 water elementals
  4 hogs (Shoals:2)
  11 wyverns
  An ice dragon skeleton (Crypt:1)
  2 alligator snapping turtle simulacra
  2 vampires (Abyss:3)
  16 wraiths
  53 yaks
  A wind drake zombie (Crypt:1)
  A basilisk (shapeshifter) (D:15)
  12 basilisks
  5 steam dragons
  A white draconian simulacrum (Zot:1)
  6 chaos spawn (Abyss:3)
  5 fire elementals
  18 humans (D:13)
  2 golden eyes
  A sea snake simulacrum (Hell)
  11 vampire mosquitoes
  9 neqoxecs
  3 acid dragons
  6 harpy simulacra
  A spectral cane toad (Gauntlet)
  3 wargs
  7 spatial vortices
  41 nagas
  43 small abominations
  A hydra simulacrum (Coc:3)
  4 swamp worms (Lair:4)
  4 hell hounds
  4 moth of wrath simulacra (Zot:1)
  28 water moccasins
  34 orc warriors
  3 swamp drakes
  5 ettin simulacra
  2 alligator simulacra (Hell)
  11 ice beasts
  13 ogres
  2 black bears
  A fire dragon simulacrum (Coc:1)
  7 necrophages
  24 wolves
  A manticore skeleton (Crypt:1)
  3 boggarts
  5 centaurs
  A komodo dragon zombie (Crypt:3)
  9 kobold brigands
  17 bullfrogs
  2 gnoll sergeants
  7 earth elementals
  A komodo dragon skeleton (Crypt:1)
  3 scorpions
  2 wyvern skeletons (Crypt:3)
  A water moccasin skeleton (D:5)
  40 killer bees
  20 wights
  8 electric eels
  5 centaur zombies
  4 howler monkeys
  A crimson imp (Abyss:3)
  4 quasits
  20 orc priests
  3 bullfrog skeletons
  3 gnoll shamans
  5 jellies
  2 iron imps (Abyss:3)
  Jessica (D:2)
  9 hell rats
  14 iguanas
  14 orc wizards
  Natasha (thrice) (D:3)
  2 killer bee zombies (D:7)
  2 naga skeletons
  21 gnolls
  5 adders
  A howler monkey skeleton (D:6)
  4 white imps
  2 ufetubi
  An adder skeleton (D:4)
  A worm (D:2)
  A barachi skeleton (Crypt:2)
  A dart slug (D:1)
  73 orcs
  4 endoplasms
  A giant cockroach (D:1)
  7 goblins
  7 hobgoblins
  2 jackals (D:4)
  31 kobolds
  2 quokkas
  7 ball pythons
  7 bats
  21 frilled lizards
  A gnoll skeleton (Crypt:3)
  A hobgoblin skeleton (Crypt:1)
  A jackal skeleton (Crypt:3)
  An orc skeleton (Crypt:3)
  An orc zombie (Crypt:2)
  11 rats
  A butterfly (Lair:3)
  A creeping inferno (Geh:4)
  15 fire vortices
  2 lurking horrors
  12 starspawn tentacles
3455 creatures vanquished.

Vanquished Creatures (collateral kills)
  Asmodeus (Geh:7)
  A juggernaut (Depths:4)
  A shard shrike (Coc:6)
  An iron dragon (Depths:4)
4 creatures vanquished.

Vanquished Creatures (others)
  2 fire giants
  A shard shrike simulacrum (Coc:5)
  A boulder beetle (Abyss:1)
  2 soul eaters (Hell)
  A shadow demon (Depths:2)
  A deep elf pyromancer (Elf:3)
  A sea snake zombie (Hell)
  An anaconda simulacrum (Coc:5)
  An ancient zyme (Abyss:4)
  An iron dragon simulacrum (Coc:1)
  A dire elephant simulacrum (Coc:3)
  5 harpy simulacra
  A naga (Snake:1)
  A hydra simulacrum (Coc:3)
  A floating eye (Depths:1)
  A hell rat (Hell)
  2 white imps (Abyss:3)
  An orc (Orc:2)
  3 bushes (Lair:5)
  3 creeping infernos
  2 fire vortices
  2 foxfires (Abyss:3)
  27 fungi
  2 lurking horrors (Abyss:3)
  163 plants
  67 starspawn tentacles
  3 withered plants (Gauntlet)
297 creatures vanquished.

Grand Total: 3756 creatures vanquished

Notes
Turn   | Place    | Note
-------+----------+-------------------------------------------
     0 | D:1      | Godmorgon the Minotaur Fighter began the quest for the Orb.
     0 | D:1      | Reached XP level 1. HP: 19/19 MP: 0/0
   186 | D:1      | Reached XP level 2. HP: 22/27 MP: 1/1
   850 | D:2      | Reached XP level 3. HP: 33/33 MP: 2/2
   907 | D:2      | Noticed Jessica
   937 | D:2      | Killed Jessica
   938 | D:2      | Reached skill level 1 in Throwing
  1133 | D:2      | Reached XP level 4. HP: 40/40 MP: 3/3
  1633 | D:3      | Noticed Natasha
  1635 | D:3      | Killed Natasha
  1711 | D:3      | Found a faded altar of an unknown god.
  1969 | D:3      | Reached XP level 5. HP: 34/47 MP: 1/4
  2059 | D:3      | Found the +7 staff of the Meek {protect, meekguard}
  2266 | D:3      | Noticed Natasha
  2274 | D:3      | Killed Natasha
  2697 | D:3      | Found a faded altar of an unknown god.
  2815 | D:3      | Noticed Natasha
  2822 | D:3      | Killed Natasha
  3271 | D:4      | Found a staircase to the Ecumenical Temple.
  3275 | D:4      | Noticed a necrophage
  3284 | D:4      | Killed a necrophage
  3285 | D:4      | Reached XP level 6. HP: 42/53 MP: 1/5
  3286 | Temple   | Entered the Ecumenical Temple
  3514 | Temple   | Became a worshipper of the Shining One
  3705 | D:4      | Found Fesepics's Book Shop.
  3855 | D:4      | Reached skill level 5 in Maces & Flails
  4242 | D:5      | Entered Level 5 of the Dungeon
  4319 | D:5      | Found a glowing silver altar of Zin.
  4378 | D:5      | Reached skill level 5 in Fighting
  4378 | D:5      | Reached XP level 7. HP: 51/61 MP: 2/6
  4434 | D:5      | Reached skill level 5 in Armour
  4434 | D:5      | Reached skill level 5 in Shields
  4576 | D:5      | Found a shadowy altar of Dithmenos.
  5263 | D:6      | Reached * piety under the Shining One
  5305 | D:6      | Reached XP level 8. HP: 63/70 MP: 1/7
  5318 | D:6      | Reached skill level 5 in Throwing
  6507 | D:7      | Reached XP level 9. HP: 78/78 MP: 8/8
  6678 | D:7      | Identified the +4 ring mail "Iloimek" {Contam +Inv rN+
                  | Slay+3}
  7338 | D:8      | Found a flagged portal.
  7357 | Bailey   | Entered a bailey
  7448 | Bailey   | Reached skill level 10 in Maces & Flails
  7511 | Bailey   | Found an iron altar of Okawaru.
  8577 | D:9      | Noticed Maurice
  8584 | D:9      | Killed Maurice
  8585 | D:9      | Reached XP level 10. HP: 90/90 MP: 5/9
  8639 | D:9      | Noticed Joseph
  8659 | D:9      | Killed Joseph
  8920 | D:9      | Reached ** piety under the Shining One
  9001 | D:9      | Noticed Maggie
  9008 | D:9      | Noticed a centaur warrior
  9136 | D:9      | Killed Maggie
  9238 | D:9      | Reached skill level 1 in Invocations
  9267 | D:9      | Killed a centaur warrior
  9513 | D:9      | Noticed a two-headed ogre
  9517 | D:9      | Killed a two-headed ogre
  9518 | D:9      | Reached XP level 11. HP: 97/99 MP: 9/12
  9837 | D:10     | Entered Level 10 of the Dungeon
  9844 | D:10     | Noticed a two-headed ogre
  9854 | D:10     | Killed a two-headed ogre
  9855 | D:10     | Reached skill level 10 in Fighting
  9855 | D:10     | Reached skill level 10 in Armour
  9874 | D:10     | Noticed XVortexX's ghost (journeyman NaTm)
  9884 | D:10     | Found a staircase to the Orcish Mines.
  9940 | D:10     | Found a staircase to the Lair.
  9969 | D:10     | Reached skill level 5 in Invocations
 10208 | D:10     | Reached *** piety under the Shining One
 10692 | D:10     | Found a transporter.
 10692 | D:10     | Found a transporter.
 10885 | D:10     | Killed XVortexX's ghost
 11182 | Lair:1   | Entered Level 1 of the Lair of Beasts
 11400 | Lair:1   | Reached XP level 12. HP: 100/110 MP: 16/16
 11541 | Lair:1   | Reached skill level 15 in Maces & Flails
 11888 | Lair:1   | Noticed a seven-headed hydra
 11906 | Lair:1   | Killed a seven-headed hydra
 12499 | Lair:2   | Noticed a four-headed hydra
 12507 | Lair:2   | Killed a four-headed hydra
 12940 | Lair:2   | Reached **** piety under the Shining One
 13142 | Lair:2   | Noticed an eight-headed hydra
 13150 | Lair:2   | Killed an eight-headed hydra
 13314 | Lair:2   | Reached skill level 1 in Dodging
 13324 | Lair:2   | Noticed an eight-headed hydra
 13341 | Lair:2   | Killed an eight-headed hydra
 14435 | Lair:2   | Reached XP level 13. HP: 111/118 MP: 19/19
 14710 | Lair:3   | Found a staircase to the Snake Pit.
 14933 | Lair:3   | Reached skill level 10 in Invocations
 15239 | Lair:3   | Found a staircase to the Shoals.
 15239 | Lair:3   | Reached ***** piety under the Shining One
 15959 | Lair:4   | Reached skill level 5 in Dodging
 18426 | Lair:4   | Identified the +8 chain mail of the Lily {rPois rN+ Stlth-}
 18771 | Lair:5   | Found a runed translucent door.
 18774 | Lair:5   | Noticed falsifian's ghost (journeyman DEWz)
 18774 | Lair:5   | Identified the +5 spear of Iddeo {antimagic, rElec Str+3}
 19003 | Lair:5   | Reached skill level 10 in Throwing
 19782 | Lair:5   | Reached XP level 14. HP: 133/133 MP: 20/20
 20721 | Lair:6   | Entered Level 6 of the Lair of Beasts
 20721 | Lair:6   | Found a staircase to the Slime Pits.
 20721 | Lair:6   | Found a viscous altar of Jiyva.
 21114 | Lair:6   | Reached skill level 15 in Fighting
 21407 | Lair:6   | Noticed Josephine
 21460 | Lair:6   | Killed Josephine
 22378 | Lair:6   | Identified the +0 helmet "Kiqarr" {Str+5}
 25032 | D:11     | Identified the +0 leather armour of the Old World {Str+6}
 25122 | D:12     | Noticed Rupert
 25123 | D:12     | Paralysed by Rupert for 3 turns
 25372 | D:12     | Paralysed by Rupert for 3 turns
 25387 | D:12     | Killed Rupert
 25791 | D:12     | Noticed Jorgrun
 25886 | D:12     | Killed Jorgrun
 25887 | D:12     | Reached XP level 15. HP: 54/144 MP: 19/22
 27143 | D:13     | Found a gate to the Vaults.
 27488 | D:14     | Identified the +0 long sword of Goec {holy, +Blink rF++ rC+
                  | rN+}
 27503 | D:14     | Found an iron altar of Okawaru.
 27809 | D:14     | Noticed an azure jelly
 27832 | D:14     | Killed an azure jelly
 28457 | D:15     | Entered Level 15 of the Dungeon
 28606 | D:15     | Found a hide-covered altar of Uskayaw.
 28638 | D:15     | Found a gate leading to a gauntlet.
 28691 | Gauntlet | Entered a Gauntlet
 28691 | Gauntlet | Found a transporter.
 28691 | Gauntlet | Found a transporter.
 28709 | Gauntlet | Found a transporter.
 28729 | Gauntlet | Found a transporter.
 28744 | Gauntlet | Found a transporter.
 28745 | Gauntlet | Found a transporter.
 28754 | Gauntlet | Found a transporter.
 28765 | Gauntlet | Found a transporter.
 28765 | Gauntlet | Found a transporter.
 28770 | Gauntlet | Found a transporter.
 28911 | Gauntlet | Found a transporter.
 28984 | Gauntlet | Found a transporter.
 29011 | Gauntlet | Found a transporter.
 29765 | D:15     | Found a stormy altar of Qazlal.
 29933 | D:15     | Identified the +7 war axe "Orb Guardian's Regret" {vorpal,
                  | Drain Str+3 Dex+5}
 30165 | D:15     | Found a staircase to the Depths.
 30362 | Orc:1    | Entered Level 1 of the Orcish Mines
 30455 | Orc:2    | Entered Level 2 of the Orcish Mines
 30573 | Orc:2    | Found a staircase to the Elven Halls.
 30597 | Orc:2    | Noticed an orc warlord
 30661 | Orc:1    | Killed an orc warlord
 30872 | Orc:2    | Found Mythraumn's Jewellery Boutique.
 31285 | Orc:2    | Paralysed by an orc sorcerer for 2 turns
 31350 | Orc:2    | Reached XP level 16. HP: 131/155 MP: 22/24
 31865 | Orc:2    | Found Suycwier's Book Boutique.
 31865 | Orc:2    | Found Zeugaf's Book Emporium.
 31879 | Orc:2    | Found Dath's Book Emporium.
 31879 | Orc:2    | Found Iguk's Antique Weapon Boutique.
 31892 | Orc:2    | Bought a runed flail for 260 gold pieces
 31893 | Orc:2    | Bought a manual of Armour for 1200 gold pieces
 31957 | Orc:1    | You fall into a shaft and drop 1 floor!
 32370 | Orc:1    | Found Pito's Armour Emporium.
 33290 | Snake:1  | Entered Level 1 of the Snake Pit
 33985 | Lair:3   | Reached skill level 10 in Shields
 34653 | Snake:1  | Found Anoc Iqo's Armour Shop.
 34654 | Snake:1  | Found Ephe's Assorted Antiques.
 34654 | Snake:1  | Found Qafech's Distillery.
 34684 | Snake:1  | Found Wecwylli's General Store.
 34697 | Snake:1  | Bought an agate ring for 185 gold pieces
 34697 | Snake:1  | Bought a scroll of identify for 74 gold pieces
 34704 | Snake:1  | Bought a scroll of magic mapping for 45 gold pieces
 34704 | Snake:1  | Bought a scroll of identify for 26 gold pieces
 34704 | Snake:1  | Bought a scroll of enchant weapon for 97 gold pieces
 34709 | Snake:1  | Bought a potion of haste for 180 gold pieces
 34709 | Snake:1  | Bought a potion of cancellation for 144 gold pieces
 34709 | Snake:1  | Bought a potion of resistance for 180 gold pieces
 34709 | Snake:1  | Bought a potion of flight for 54 gold pieces
 34709 | Snake:1  | Bought a potion of berserk rage for 90 gold pieces
 34715 | Snake:1  | Bought 2 potions of heal wounds for 370 gold pieces
 34715 | Snake:1  | Bought a potion of heal wounds for 185 gold pieces
 34926 | Snake:1  | Identified the +3 rapier "Zauwk" {vorpal, Str+2 Int+3 SInv}
 34989 | Snake:1  | Noticed Lance11888's ghost (adept HOFi)
 34990 | Snake:1  | Found a runed translucent door.
 35458 | Snake:1  | Killed Lance11888's ghost
 35615 | Lair:5   | Identified the ring "Annithom" {MP+9 Str+3}
 35732 | Lair:5   | Killed falsifian's ghost
 36248 | Snake:2  | Reached skill level 15 in Armour
 36523 | Snake:2  | Found Soufink's Book Emporium.
 36525 | Snake:2  | Found Affudaud's Armour Shoppe.
 36527 | Snake:2  | Found Eryucwet's Jewellery Emporium.
 36546 | Snake:2  | Bought the ring "Ketarew" {rF+ rN+ Dex+3} for 765 gold
                  | pieces
 37014 | Snake:2  | Noticed Donald
 37030 | Snake:2  | Killed Donald
 38658 | Snake:3  | Reached XP level 17. HP: 151/165 MP: 26/26
 38771 | Snake:3  | Found a transporter.
 39017 | Snake:3  | Found a transporter.
 39103 | Snake:3  | Found a transporter.
 39108 | Snake:3  | Found a transporter.
 39309 | Snake:3  | Found a transporter.
 39313 | Snake:3  | Found a transporter.
 39338 | Snake:3  | Identified a scroll of acquirement
 39339 | Snake:3  | Acquired 1363 gold pieces
 40349 | Snake:4  | Entered Level 4 of the Snake Pit
 40494 | Snake:4  | Noticed Vashnia
 41067 | Snake:4  | Killed Vashnia
 42221 | Snake:4  | Got a serpentine rune of Zot
 42734 | Snake:4  | Reached skill level 15 in Throwing
 43998 | Shoals:1 | Entered Level 1 of the Shoals
 45314 | Shoals:2 | Found Zairaib's Book Shop.
 45431 | Shoals:2 | Found Woetof's Magic Scroll Shop.
 45452 | Shoals:2 | Reached XP level 18. HP: 150/176 MP: 26/28
 45468 | Shoals:2 | Bought a scroll of enchant weapon for 135 gold pieces
 45468 | Shoals:2 | Bought a scroll of silence for 135 gold pieces
 45468 | Shoals:2 | Bought a scroll of identify for 36 gold pieces
 45469 | Shoals:2 | Bought a scroll of identify for 36 gold pieces
 45470 | Shoals:2 | Bought a scroll of magic mapping for 63 gold pieces
 46135 | Shoals:2 | Found Dexuoray's General Store.
 46143 | Shoals:2 | Bought a scroll of teleportation for 48 gold pieces
 46293 | Shoals:3 | Noticed Kirke
 46602 | Shoals:3 | Identified the +6 morningstar of Giphetou {vorpal, *Corrode
                  | rN+ Dex+8}
 47393 | Shoals:3 | Killed Kirke
 47716 | Shoals:3 | Reached skill level 15 in Invocations
 48312 | Shoals:4 | Entered Level 4 of the Shoals
 48414 | Shoals:4 | Paralysed by an air elemental for 1 turns
 48417 | Shoals:4 | Paralysed by an air elemental for 1 turns
 48420 | Shoals:4 | Paralysed by an air elemental for 1 turns
 48425 | Shoals:4 | Paralysed by an air elemental for 1 turns
 50393 | Shoals:4 | Paralysed by an air elemental for 1 turns
 50454 | Shoals:4 | Paralysed by an air elemental for 1 turns
 50460 | Shoals:4 | Paralysed by an air elemental for 1 turns
 50740 | Shoals:4 | Found a stormy altar of Qazlal.
 50883 | Shoals:4 | Got a barnacled rune of Zot
 51072 | Shoals:4 | Paralysed by an air elemental for 1 turns
 51861 | Elf:1    | Entered Level 1 of the Elven Halls
 53143 | Elf:1    | Paralysed by an air elemental for 1 turns
 53147 | Elf:1    | Paralysed by an air elemental for 1 turns
 53151 | Elf:1    | Paralysed by an air elemental for 1 turns
 53157 | Elf:1    | Paralysed by an air elemental for 1 turns
 53159 | Elf:1    | Paralysed by an air elemental for 1 turns
 53163 | Elf:1    | Paralysed by an air elemental for 1 turns
 53692 | Elf:2    | Paralysed by an air elemental for 1 turns
 53920 | Elf:2    | Found Akluw's Antique Armour Shoppe.
 53931 | Elf:2    | Bought an embroidered cloak for 270 gold pieces
 54166 | Elf:2    | Reached XP level 19. HP: 185/185 MP: 29/29
 54291 | Elf:2    | Paralysed by an air elemental for 1 turns
 54373 | Elf:2    | Found a runed translucent gate.
 54374 | Elf:2    | Found a runed translucent gate.
 54374 | Elf:2    | Found a runed translucent gate.
 55008 | Elf:2    | Reached skill level 15 in Shields
 55658 | Vaults:1 | Entered Level 1 of the Vaults
 56511 | Vaults:2 | Noticed Aizul
 56525 | Vaults:2 | Killed Aizul
 58841 | Vaults:1 | Reached XP level 20. HP: 204/204 MP: 30/30
 59248 | Vaults:2 | Found a runed translucent door.
 59248 | Vaults:2 | Noticed Bailed's ghost (veteran MiMo)
 59859 | Vaults:2 | Found a staircase to the Crypt.
 62542 | Vaults:3 | Identified the +3 arbalest "Voju Mio" {freeze, Str+2 SInv}
 64748 | Vaults:4 | Reached XP level 21. HP: 214/214 MP: 31/31
 64967 | Vaults:4 | Found Letrapp's Book Shop.
 65711 | Depths:1 | Entered Level 1 of the Depths
 66203 | Depths:1 | Found Igataezuho's Book Shop.
 66204 | Depths:1 | Found Laweog's Jewellery Shoppe.
 66205 | Depths:1 | Found Irchogh's Book Shop.
 66381 | Depths:1 | Found a basalt altar of Yredelemnul.
 67063 | Depths:1 | Found the +3 pair of seven-league boots {Rampage+∞}
 67264 | Depths:1 | Found a one-way gate to the infinite horrors of the Abyss.
 67290 | Depths:1 | You fall into a shaft and drop 1 floor!
 67316 | Depths:1 | Found a gateway to Hell.
 67708 | Depths:1 | Lost intelligence.
 68551 | Depths:2 | Reached ****** piety under the Shining One
 68561 | Depths:2 | Paralysed by a vampire knight for 5 turns
 68574 | Depths:2 | Paralysed by a vampire knight for 4 turns
 68579 | Depths:2 | Reached skill level 10 in Dodging
 68783 | Depths:2 | Identified a +6 sacred scourge of holy wrath (a +4 demon
                  | whip blessed by the Shining One)
 68783 | Depths:2 | Received a gift from the Shining One
 69301 | Depths:2 | Found a shadowy altar of Dithmenos.
 69301 | Depths:2 | Found the ring of Shadows {Umbra +Inv Stlth+}
 69302 | Depths:2 | Found the +2 cloak of the Thief {*Fog Slay-2 SInv Stlth+}
 69598 | Depths:2 | Found a one-way gate leading to the halls of Pandemonium.
 69999 | Depths:3 | Found a runed translucent door.
 69999 | Depths:3 | Noticed a juggernaut
 69999 | Depths:3 | Noticed a golden dragon
 70002 | Depths:3 | Noticed a juggernaut
 70002 | Depths:3 | Found a runed translucent door.
 70337 | Depths:3 | Found a hazy altar of Hepliaklqana.
 70353 | Depths:3 | Reached XP level 22. HP: 217/224 MP: 32/32
 70462 | Depths:3 | Killed a juggernaut
 70477 | Depths:3 | Killed a juggernaut
 70485 | Depths:3 | Killed a golden dragon
 70629 | Depths:3 | Noticed a golden dragon
 70636 | Depths:3 | Killed a golden dragon
 70718 | Depths:3 | Found a blossoming altar of Fedhas.
 70890 | Depths:3 | Noticed a caustic shrike
 70894 | Depths:3 | Noticed a golden dragon
 70899 | Depths:3 | Identified the ring "Aniterun" {rC+ Will+ Str+3 Dex+2}
 70907 | Depths:3 | Killed a caustic shrike
 70917 | Depths:3 | Killed a golden dragon
 71157 | Depths:3 | Identified the amulet of the Elephant {Reflect *Slow rC+
                  | Dex+5 SH+5}
 71172 | Depths:3 | Identified the ring "Yviowk" {*Corrode rElec rPois rF+}
 71179 | Depths:3 | Identified the ring "Xanelof" {Ice +Blink Fly rElec Str-2}
 71293 | Depths:4 | Entered Level 4 of the Depths
 71407 | Depths:4 | Noticed a juggernaut
 71411 | Depths:4 | Noticed a golden dragon
 71427 | Depths:4 | Killed a juggernaut
 71434 | Depths:4 | Killed a golden dragon
 73023 | Depths:4 | Found a one-way gateway to a ziggurat.
 73173 | Depths:4 | Noticed a golden dragon
 73185 | Depths:4 | Noticed a juggernaut
 73193 | Depths:4 | Killed a golden dragon
 73193 | Depths:4 | Noticed a caustic shrike
 73195 | Depths:4 | Noticed a caustic shrike
 73197 | Depths:4 | Noticed a caustic shrike
 73197 | Depths:4 | Noticed a caustic shrike
 73200 | Depths:4 | Killed a juggernaut
 73201 | Depths:4 | Noticed a caustic shrike
 73220 | Depths:4 | Killed a caustic shrike
 73662 | Depths:4 | Killed a caustic shrike
 73662 | Depths:4 | Killed a caustic shrike
 73669 | Depths:4 | Killed a caustic shrike
 73677 | Depths:4 | Killed a caustic shrike
 74059 | Depths:4 | Reached XP level 23. HP: 197/236 MP: 34/34
 74606 | Depths:4 | Found a gate to the Realm of Zot.
 75138 | Slime:1  | Entered Level 1 of the Pits of Slime
 75161 | Slime:3  | Gained mutation: Your magical capacity is low. (-10% MP) [a
                  | shining eye]
 75163 | Slime:3  | Gained mutation: You are strong-willed. (Will+) [a shining
                  | eye]
 75619 | Slime:5  | Entered Level 5 of the Pits of Slime
 75948 | Slime:5  | Gained mutation: You are dopey. (Int -2) [a shining eye]
 75950 | Slime:5  | Gained mutation: You tend to lose your temper in combat. [a
                  | shining eye]
 76102 | Slime:5  | Gained mutation: You passively dampen the noise of your
                  | surroundings. [a shining eye]
 76238 | Slime:4  | Gained mutation: You are clumsy. (Dex -2) [a shining eye]
 76357 | Slime:5  | Found a viscous altar of Jiyva.
 76478 | Slime:5  | Noticed the Royal Jelly
 76490 | Slime:5  | Killed the Royal Jelly
 76746 | Slime:5  | Got a slimy rune of Zot
 76751 | Slime:5  | Identified the +0 chain mail of the Griffon {+Blink rC-
                  | Will- Str+9}
 76883 | Slime:5  | Acquired a +0 eveningstar of protection
 77125 | D:10     | Lost mutation: Your magical capacity is low. (-10% MP)
                  | [potion of mutation]
 77125 | D:10     | Lost mutation: You are clumsy. (Dex -2) [potion of
                  | mutation]
 77125 | D:10     | Gained mutation: Your muscles are strong. (Str +2) [potion
                  | of mutation]
 77125 | D:10     | Gained mutation: You have a pair of large horns on your
                  | head. [potion of mutation]
 77125 | D:10     | Gained mutation: Your flesh is cold resistant. (rC+)
                  | [potion of mutation]
 77125 | D:10     | Gained mutation: You are robust. (+10% HP) [potion of
                  | mutation]
 77126 | D:10     | Lost mutation: You tend to lose your temper in combat.
                  | [potion of mutation]
 77126 | D:10     | Lost mutation: You have a pair of large horns on your head.
                  | [potion of mutation]
 77126 | D:10     | Lost mutation: You passively dampen the noise of your
                  | surroundings. [potion of mutation]
 77126 | D:10     | Gained mutation: Your system is resistant to poisons.
                  | (rPois) [potion of mutation]
 77126 | D:10     | Lost mutation: Your muscles are strong. (Str +2) [potion of
                  | mutation]
 77126 | D:10     | Lost mutation: You are dopey. (Int -2) [potion of mutation]
 77126 | D:10     | Gained mutation: You have a pair of large horns on your
                  | head. [potion of mutation]
 77359 | Zot:1    | Entered Level 1 of the Realm of Zot
 77537 | Zot:1    | Identified the +2 great sword "Pocej" {drain, rN++}
 77645 | Zot:1    | Found a runed translucent gate.
 77645 | Zot:1    | Found a runed translucent gate.
 77645 | Zot:1    | Found a runed translucent gate.
 77646 | Zot:1    | Noticed Cyqimiab's ghost (legendary MfGl)
 77647 | Zot:1    | Noticed a curse toe
 80420 | Vaults:2 | Killed Bailed's ghost
 80539 | Vaults:5 | Entered Level 5 of the Vaults
 80980 | Vaults:5 | Reached XP level 24. HP: 226/271 MP: 34/34
 81389 | Vaults:5 | Reached skill level 27 in Fighting
 81545 | Vaults:5 | Reached skill level 15 in Dodging
 81681 | Vaults:5 | Got a silver rune of Zot
 81941 | Vaults:5 | Noticed a dread lich
 81955 | Vaults:5 | Killed a dread lich
 82031 | Vaults:5 | Identified the +10 chain mail "Fuqomeul" {rC+}
 82176 | Vaults:5 | Found Acuf's Distillery.
 82269 | Vaults:5 | Bought a potion of might for 72 gold pieces
 82269 | Vaults:5 | Bought a potion of invisibility for 144 gold pieces
 82269 | Vaults:5 | Bought a potion of haste for 180 gold pieces
 83574 | Zot:1    | Killed Cyqimiab's ghost
 84024 | Elf:3    | Entered Level 3 of the Elven Halls
 84042 | Elf:3    | Paralysed by an air elemental for 1 turns
 84197 | Elf:3    | Identified the +2 cloak "Qeypuluti" {Harm}
 84241 | Elf:3    | Paralysed by an air elemental for 1 turns
 84948 | Elf:3    | Identified the ring "Minaf" {Fire rPois Stlth+}
 85045 | Elf:3    | Paralysed by an air elemental for 1 turns
 85050 | Elf:3    | Paralysed by an air elemental for 1 turns
 85065 | Elf:3    | Reached XP level 25. HP: 171/282 MP: 36/36
 85240 | Elf:3    | Identified the ring "Vujy" {Fly rN+}
 85282 | Elf:3    | Identified the +5 battleaxe of False Hope {vorpal, rN+
                  | Str+3 Int+8 Dex-4}
 85296 | Elf:3    | Identified the +4 spear "Soacs" {drain, MP+9}
 85332 | Elf:3    | Identified the amulet "Iklon" {RegenMP Str+6 Dex+3}
 86033 | Zot:1    | Reached skill level 1 in Evocations
 88635 | Zot:3    | Identified the +1 scale mail of Valiance {SInv}
 88898 | Zot:3    | Reached skill level 5 in Evocations
 91995 | Zot:5    | Entered Level 5 of the Realm of Zot
 92078 | Zot:5    | Reached XP level 26. HP: 269/292 MP: 36/36
 93133 | Zot:5    | Noticed an ancient lich
 93165 | Zot:5    | Killed an ancient lich
 93559 | Zot:5    | Noticed an ancient lich
 93610 | Zot:5    | Killed an ancient lich
 94070 | Zot:5    | Noticed an orb of fire
 94076 | Zot:5    | Killed an orb of fire
 94316 | Zot:5    | Noticed a dread lich
 94335 | Zot:5    | Killed a dread lich
 94348 | Zot:5    | Noticed a dread lich
 94371 | Zot:5    | Killed a dread lich
 94463 | Zot:5    | Noticed an ancient lich
 94470 | Zot:5    | Noticed an orb of fire
 94470 | Zot:5    | Lost mutation: You are robust. (+10% HP) [an orb of fire]
 94471 | Zot:5    | Gained mutation: Your body sometimes deteriorates upon
                  | taking damage. [an orb of fire]
 94471 | Zot:5    | Gained mutation: You sometimes lose the ability to read
                  | scrolls when taking damage. [an orb of fire]
 94479 | Zot:5    | Killed an orb of fire
 94480 | Zot:5    | Reached skill level 10 in Evocations
 94486 | Zot:5    | Killed an ancient lich
 95498 | D:10     | Lost mutation: You are strong-willed. (Will+) [potion of
                  | mutation]
 95498 | D:10     | Lost mutation: You sometimes lose the ability to read
                  | scrolls when taking damage. [potion of mutation]
 95498 | D:10     | Lost mutation: Your body sometimes deteriorates upon taking
                  | damage. [potion of mutation]
 95498 | D:10     | Gained mutation: You have large cloven feet. [potion of
                  | mutation]
 95498 | D:10     | Gained mutation: Potions are less effective at restoring
                  | your health. [potion of mutation]
 95936 | Depths:1 | Voluntarily entered the Abyss.
 96295 | Abyss:3  | Gained mutation: Armour fits poorly on your strangely
                  | shaped body. [a neqoxec]
 96369 | Abyss:3  | Found an ancient bone altar of Kikubaaqudgha.
 96711 | Abyss:4  | Found a hide-covered altar of Uskayaw.
 96723 | Abyss:4  | Found an iron altar of Okawaru.
 96725 | Abyss:4  | Found a shadowy altar of Dithmenos.
 97210 | Abyss:4  | Found a corrupted altar of Lugonu.
 97280 | Abyss:4  | Found a corrupted altar of Lugonu.
 97367 | Abyss:4  | Gained mutation: You are weak. (Str -2) [a neqoxec]
 97586 | Depths:1 | Escaped the Abyss
 97737 | Crypt:1  | Entered Level 1 of the Crypt
 98239 | Crypt:1  | Found a runed translucent gate.
 98239 | Crypt:1  | Found a runed translucent gate.
 98239 | Crypt:1  | Found a runed translucent gate.
 98613 | Depths:1 | Voluntarily entered the Abyss.
 98670 | Abyss:1  | Paralysed by accursed screaming for 1 turns
 98710 | Depths:1 | Escaped the Abyss
 98745 | Depths:1 | Voluntarily entered the Abyss.
 98752 | Abyss:1  | Found a corrupted altar of Lugonu.
 99259 | Abyss:3  | Found a corrupted altar of Lugonu.
 99261 | Abyss:3  | Paralysed by accursed screaming for 2 turns
100188 | Abyss:3  | Found a corrupted altar of Lugonu.
100279 | Abyss:3  | Found a corrupted altar of Lugonu.
100526 | Abyss:3  | Found a shadowy altar of Dithmenos.
100956 | Abyss:4  | Found an iron altar of Okawaru.
101116 | Abyss:5  | Entered Level 5 of the Abyss
101116 | Abyss:5  | Found a bloodstained altar of Trog.
101120 | Depths:1 | Escaped the Abyss
101949 | Crypt:2  | Reached XP level 27. HP: 273/273 MP: 37/37
102170 | Depths:1 | Voluntarily entered the Abyss.
102261 | Abyss:1  | Noticed an ancient lich
102281 | Abyss:1  | Killed an ancient lich
102298 | Depths:1 | Escaped the Abyss
102305 | Depths:1 | Voluntarily entered the Abyss.
102629 | Abyss:1  | Found a shimmering altar of Xom.
102833 | Abyss:3  | Found a corrupted altar of Lugonu.
102873 | Abyss:4  | Found a corrupted altar of Lugonu.
102895 | Abyss:5  | Entered Level 5 of the Abyss
102895 | Abyss:5  | Found a glowing golden altar of the Shining One.
102937 | Abyss:5  | Noticed a juggernaut
102948 | Abyss:5  | Killed a juggernaut
102952 | Abyss:5  | Got an abyssal rune of Zot
103089 | Depths:1 | Escaped the Abyss
103606 | Crypt:3  | Entered Level 3 of the Crypt
103733 | Crypt:3  | Reached skill level 27 in Armour
104043 | Crypt:3  | Found a staircase to the Tomb.
104181 | Crypt:3  | Found a basalt altar of Yredelemnul.
104340 | Crypt:3  | Found a shimmering altar of Xom.
104698 | Crypt:3  | Identified the +0 halberd of Cruel Justice {vorpal, Fly}
104712 | Crypt:3  | Identified the +4 shortbow of Utiunau {flame, rF+ rCorr
                  | Str+3 Int+2}
105115 | D:10     | Acquired 744 gold pieces
105314 | Hell     | Entered the Vestibule of Hell
105314 | Hell     | Noticed Geryon
105719 | Hell     | Killed Geryon
105892 | Hell     | Found a gateway to the ashen valley of Gehenna.
105991 | Hell     | Found a gateway to the Iron City of Dis.
106066 | Hell     | Found a gateway to the freezing wastes of Cocytus.
106168 | Hell     | Found a gateway to the decaying netherworld of Tartarus.
106500 | Geh:1    | Entered Level 1 of Gehenna
106702 | Geh:3    | You fall into a shaft and drop 1 floor!
108332 | Geh:7    | Entered Level 7 of Gehenna
108587 | Geh:7    | Identified the +1 leather armour of Oshrih {rCorr}
108647 | Geh:7    | Found the +7 sceptre of Asmodeus
108647 | Geh:7    | Noticed Asmodeus
108676 | Geh:7    | Killed Asmodeus
108713 | Geh:7    | Got an obsidian rune of Zot
108953 | Coc:1    | Entered Level 1 of Cocytus
109072 | Coc:1    | Noticed an ancient lich
109086 | Coc:1    | Killed an ancient lich
109387 | Coc:3    | Paralysed by a wendigo for 1 turns
109710 | Coc:4    | Paralysed by a wendigo for 1 turns
109717 | Coc:4    | Paralysed by a wendigo for 1 turns
109744 | Coc:4    | Paralysed by a wendigo for 1 turns
110561 | Coc:6    | Killed from afar by a shard shrike

Illustrated notes

Levels and vault maps discovered:
D:1:      elethiomel_arrival_diamonds, layout_basic
D:2:      layout_basic, minmay_pentomino_pile, uniq_jessica
D:3:      layout_basic, nicolae_ecumenical_lake_church, pf_guarded_unrand_meek,
          uniq_natasha
D:4:      layout_loops_ring, minmay_temple_entry_tees, serial_shops, shop,
          minmay_misc_feat_alley
D:5:      layout_basic, mainiacjoe_overflow_big_doors, st_stairs_6,
          roderic_lattice_a
D:6:      layout_basic, serial_glass, glass_columns_a, glass_columns_b,
          minmay_strange_pillars, feat_on_display,
          corexii_mini_fake_secret_closet, corexii_item_surrounded_by_moat
D:7:      layout_basic, minmay_misc_feat_tiny, kennysheep_another_room
D:8:      layout_basic, enter_bailey_7
D:9:      kennysheep_windowed_halls, layout_basic, uniq_joseph, uniq_maurice,
          uniq_maggie
D:10:     layout_rooms, minmay_lair_entry_grove, minmay_orc_entry_temple_small,
          gammafunk_ghost_hive
D:11:     layout_long_grid
D:12:     layout_rooms, lemuel_flame_loot_1, uniq_jorgrun, uniq_rupert
D:13:     layout_loops_ring, grunt_vaults_entry_tiered, columned_hall_lemuel
D:14:     layout_layer_cave, okawaru_metal_pillars_3
D:15:     grunt_enter_depths_hoard, layout_irregular_city,
          gauntlet_entry_generic, nicolae_uskayaw_en_pointe,
          nicolae_qazlal_scattered_showers
Temple:   mainiacjoe_temple_cubbyholes
Lair:1:   layout_regular_city
Lair:2:   nzn_winding_woodlands_three_and_one [nzn_winding_woodlands_5x15_twine,
          nzn_winding_woodlands_5x15_sidewinder,
          nzn_winding_woodlands_5x15_sawtooth,
          nzn_winding_woodlands_center_garden], layout_layer_cave,
          serial_bayou_shore_b
Lair:3:   layout_cave_pods, minmay_shoals_entry_lonely_mermaid,
          dummy_snake_entry, ice2_lemuel, grunt_megastairs_3,
          lemuel_fruit_fields
Lair:4:   onia_ninara_swampy_vault, layout_small_grid, special_room
          [special_room_bee], minivault_19, serial_bayou_shore_b,
          lemuel_fruit_tree, lemuel_fruit_fields, infiniplex_staircase_pool_2
Lair:5:   lemuel_reptile_caves, layout_cave_pods, ebering_ghost_funeral_grove,
          wad_woods_06, minmay_lindwurm_lava
Lair:6:   guppyfry_lair_end_dragon, layout_loops_ring, hangedman_lair_in_review,
          slime_altar_1, kennysheep_basilisk_garden, grunt_megastairs_4,
          uniq_josephine
Shoals:1: layout_shoals
Shoals:2: layout_shoals, serial_shops, nicolae_diamond_shop, shop, shop
Shoals:3: cheibrodos_shoals_epimethial_gifts, layout_shoals, uniq_kirke
Shoals:4: shoals_end_hellmonk_storm_palace [storm_palace_center_circular,
          storm_palace_corner_altar, storm_palace_corner_narrow,
          storm_palace_corner_pillars, storm_palace_corner_reverse_hut]
Snake:1:  layout_misc_corridors, hellmonk_ghost_happy_afterlife,
          minmay_shoptagon
Snake:2:  layout_basic, nicolae_snake_bzzzt, grunt_megastairs_5,
          minmay_shop_star, serial_bayou_shore_a, uniq_donald
Snake:3:  layout_chambers, serial_nicolae_subway, nicolae_sub_station_stone,
          nicolae_sub_station_metal, nicolae_sub_station_crystal
Snake:4:  snake_pit, layout_onion, nicolae_snake_gridmaze_squiggle, uniq_vashnia
Slime:1:  layout_caves
Slime:2:  layout_caves, uniq_dissolution
Slime:3:  layout_caves
Slime:4:  layout_caves
Slime:5
Orc:1:    layout_caves, basic_altar, serial_shops, shop
Orc:2:    grunt_orc_tribal_feast, layout_diamond_mine, serial_shops,
          nicolae_shop_crystal
Elf:1:    minmay_elf_arrival_plus, layout_geoelf_grid, hangedman_elf_disciples
Elf:2:    nicolae_elf_blades_crystal_corner, layout_onion_city, serial_shops,
          nicolae_shop_crystal
Elf:3:    elf_hall, layout_geoelf_grid, minmay_elf_demonology
Vaults:1: nicolae_vaults_border_crossing, hangedman_vaults_corner_blocks,
          hangedman_vaults_stream, v_misc_19, vaults_room_ringed_pool,
          vaults_mumra_lcd, nicolae_vaults_hallways_thing,
          layout_vaults_big_room
Vaults:2: gammafunk_ghost_grave, ontoclasm_vaults_chip, blue_anna_dwarven_crypt,
          nicolae_vaults_puzzle_piece, ontoclasm_vaults_ring_small,
          ontoclasm_vaults_ring_small, v_misc_32, vaults_room_fours,
          nicolae_vaults_alarming, ontoclasm_vaults_eye, vaults_room_grid,
          nicolae_vaults_little_ls, grunt_vaults_diagonal, layout_vaults_maze,
          uniq_aizul
Vaults:3: v_misc_17, nicolae_vaults_yaktaur_gun_rack, vaults_room_fancy_cross,
          nicolae_vaults_angled_halls, v_pattern_5,
          ontoclasm_vaults_loading_screen, v_misc_31, layout_vaults_quadrants
Vaults:4: nicolae_vaults_shelves_hall, nicolae_vaults_rhombus_5,
          ontoclasm_vaults_fault, hangedman_vaults_cutoff, v_misc_4,
          vaults_mumra_chevron, hangedman_vaults_slice, vaults_dpeg_hooks,
          vaults_room_fours, nicolae_vaults_little_squares_2,
          hangedman_vaults_restitches, layout_vaults_omnicross, serial_shops,
          nicolae_shop_waterfront
Vaults:5
Crypt:1:  layout_catacombs, pandoras_box_mu
Crypt:2:  layout_gridlike, ebering_dispersal_statue_hall
Crypt:3:  church_of_pain_bobbens, layout_chaotic_city, hangedman_blasphemy
Depths:1: layout_basic, yredelemnul_altar_generic, lightli_too_deep,
          abyss_entry_small_statue_room,
          hellmonk_guarded_unrand_seven_league_boots, minmay_shop_grove
Depths:2: regret_index_dithmenos_brocken_genspenst, layout_basic, pan_entry,
          grunt_hell_entry_dis_mu
Depths:3: minmay_the_grid_triangle_9x9_rhombus_full
          [minmay_the_grid_triangle_9x9_longest,
          minmay_the_grid_triangle_9x9_shrine,
          minmay_the_grid_triangle_9x9_tough_junction,
          minmay_the_grid_triangle_9x9_intruding_spiral,
          minmay_the_grid_triangle_9x9_swiss_cheese,
          minmay_the_grid_triangle_9x9_zippers_vertical,
          minmay_the_grid_triangle_9x9_semitri,
          minmay_the_grid_triangle_9x9_prize_special], layout_gridville,
          abyss_entry, hell_entry, rand_demon_pan_entry_1,
          nzn_hepliaklqana_mist_gate, minmay_staircase_statues_hall_small
Depths:4: grunt_runaround [grunt_runaround_doors_1, grunt_runaround_doors_2,
          grunt_runaround_doors_3, grunt_runaround_doors_4,
          grunt_runaround_zot], hell_entry, abyss_entry
Hell
Geh:1:    layout_gehenna_lava_caves
Geh:2:    hangedman_generic_boss_arena
Geh:3:    layout_gehenna_lava_caves
Geh:4:    layout_gehenna_lava_caves
Geh:5:    layout_gehenna_pools_box
Geh:6:    layout_gehenna_lava_caves
Geh:7:    evilmike_geh
Coc:1:    layout_cocytus_delve
Coc:2:    layout_cocytus_water_paths
Coc:3:    layout_ice_bergs
Coc:4:    layout_cocytus_delve
Coc:5:    nicolae_coc_hellspring, layout_cocytus_water_paths
Coc:6:    layout_ice_bergs
Zot:1:    kennysheep_ambush_hall, layout_onion_interference,
          gammafunk_ghost_necromancy
Zot:2:    layout_misc_corridors
Zot:3:    layout_misc_corridors
Zot:4:    layout_onion_interference
Zot:5:    layout_basic, skrybe_zot_glass_2

Skill      XL: |  1  2  3  4  5  6  7  8  9 10 11 12 13 14 15 16 17 18 19 20 21 22 23 24 25 26 27 |
---------------+----------------------------------------------------------------------------------+-----
Maces & Flails | 3 4 5 6 8 11 13 14 16 | 16.0
Fighting       | 4 5 6 8 9 11 12 14 16 17 18 19 20 23 24 25 26 27 | 27.0
Throwing       | 1 2 3 4 6 7 10 12 14 15 16 | 16.0
Armour         | 4 5 6 8 9 10 11 13 16 18 19 20 21 23 24 25 26 27 | 27.0
Shields        | 4 5 8 10 13 15 17 20 21 22 24 | 24.7
Invocations    | 3 7 9 10 11 12 13 14 15 16 17 20 21 23 26 | 26.4
Dodging        | 2 5 8 10 12 14 15 17 18 22 | 22.3
Evocations     | 7 10 14 | 14.0

Action                   |  1- 3 |  4- 6 |  7- 9 | 10-12 | 13-15 | 16-18 | 19-21 | 22-24 | 25-27 || total
-------------------------+-------+-------+-------+-------+-------+-------+-------+-------+-------++-------
Melee: Flail             |    78 |    96 |   138 |       |       |       |       |       |       ||   312
       Headbutt          |     9 |    12 |    48 |   121 |   364 |   568 |   741 |   624 |  1591 ||  4078
       Morningstar       |       |       |    82 |   460 |  1157 |  1709 |  1864 |   460 |       ||  5732
       Sacred scourge    |       |       |       |       |       |       |    18 |   409 |  1854 ||  2281
       Eveningstar       |       |       |       |       |       |       |       |   707 |  2140 ||  2847
Throw: Dart              |     5 |       |    25 |     8 |    58 |     1 |       |       |       ||    97
       Javelin           |       |       |     6 |       |     3 |     9 |     5 |    47 |    46 ||   116
       Boomerang         |       |       |       |    16 |    83 |   228 |    20 |   161 |   233 ||   741
       Throwing net      |       |       |       |       |     1 |       |       |       |       ||     1
Invok: Divine Shield     |       |       |     7 |    10 |    25 |    49 |    26 |    32 |    47 ||   196
       Cleansing Flame   |       |       |       |     1 |     3 |     2 |    11 |    20 |    93 ||   130
       Brand Weapon With |       |       |       |       |       |       |     1 |       |       ||     1
       Summon Divine War |       |       |       |       |       |       |       |     1 |     3 ||     4
Evoke: Wand              |       |       |       |     6 |       |       |       |       |     2 ||     8
  Use: Scroll            |       |       |     7 |       |    11 |    11 |    15 |    26 |    10 ||    80
       Potion            |       |       |       |     4 |     3 |     2 |    10 |    10 |     8 ||    37
Armor: Scale mail        |    46 |    37 |    30 |       |       |       |       |       |       ||   113
       Leather armour    |       |       |    18 |       |       |       |       |       |       ||    18
       Ring mail         |       |       |    32 |   224 |   313 |       |       |       |       ||   569
       Chain mail        |       |       |       |       |   130 |   658 |   900 |   307 |       ||  1995
       Gold dragon scale |       |       |       |       |       |       |       |   235 |  1389 ||  1624
Dodge: Dodged            |    48 |    42 |    86 |   185 |   366 |   331 |   483 |   371 |  1093 ||  3005
Block: Buckler           |    18 |    16 |    58 |   157 |   221 |       |       |       |       ||   470
       Kite shield       |       |       |       |       |   301 |  1114 |       |       |       ||  1415
       Reflection        |       |       |       |       |     6 |   217 |    97 |    64 |    25 ||   409
       Tower shield      |       |       |       |       |       |   889 |  2679 |  2083 |  4690 || 10341
